 Dungeon Crawl Stone Soup version 0.28.0-53-g5a82cb258f (webtiles) character file.

Game seed: 15565038913397296860

186 safid the Chopper (level 5, 0/41 HPs)
             Began as a Hill Orc Fighter on Aug 1, 2022.
             Was a Plaything of Xom.
             Slain by a gnoll
             ... wielding a +0 spear
              (2 damage)
             ... on level 4 of the Dungeon.
             The game lasted 00:03:37 (3250 turns).

safid the Chopper (Hill Orc Fighter)                Turns: 3250, Time: 00:03:37

Health: 0/41       AC:  8    Str: 21    XL:     5   Next: 65%
Magic:  5/5        EV:  9    Int:  8    God:    Xom [..*...]
Gold:   111        SH:  4    Dex: 10    Spells: 4/4 levels left

rFire   . . .      SeeInvis .   a - +0 war axe
rCold   . . .      Faith    .   c - +0 buckler
rNeg    . . .      Spirit   .   b - +0 scale mail
rPois   .          Reflect  .   m - +0 helmet
rElec   .          Harm     .   (no cloak)
rCorr   .          Rampage  .   (no gloves)
Will    .....                   (no boots)
Stlth   ..........              (no amulet)
HPRegen 0.13/turn               (no ring)
MPRegen 0.09/turn               (no ring)

@: lit by a corona, glowing
A: frail 1
a: Renounce Religion


You were on level 4 of the Dungeon.
You worshipped Xom.
You were a toy of Xom.
You visited 1 branch of the dungeon, and saw 4 of its levels.

You collected 111 gold pieces.

Inventory:

Hand Weapons
 a - a +0 war axe (weapon)
Missiles
 f - 6 poisoned darts (quivered)
Armour
 b - a +0 scale mail (worn)
 c - a +0 buckler (worn)
 m - a +0 helmet (worn)
Wands
 l - a wand of digging (4)
 u - a wand of polymorph (4)
 x - a wand of flame (15)
Scrolls
 e - a scroll of magic mapping {unknown}
 g - 5 scrolls of identify {unknown}
 k - 3 scrolls of immolation {unknown}
 p - a scroll of noise {unknown}
 q - 2 scrolls of teleportation {unknown}
 r - 2 scrolls of fog {unknown}
 s - a scroll of enchant weapon {unknown}
 t - a scroll of summoning {unknown}
 w - a scroll of acquirement {unknown}
Potions
 d - 3 potions of might
 h - a potion of attraction {unknown}
 i - a potion of magic {unknown}
 j - a potion of haste {unknown}
 n - a potion of mutation {unknown}
 o - a potion of curing {unknown}
 v - 2 potions of invisibility {unknown}


   Skills:
 - Level 4.0 Fighting
 + Level 6.2 Axes
 - Level 4.0 Armour
 - Level 4.0 Shields


You had 4 spell levels left.
You didn't know any spells.
Your spell library contained the following spells:

 Spells                   Type           Power      Damage    Failure   Level
 Ignite Poison            Fire/Tmut/Pois 0%         N/A       99%         3
 Mephitic Cloud           Conj/Pois/Air  0%         N/A       99%         3
 Freezing Cloud           Conj/Ice/Air   0%         6-21      100%        5


Dungeon Overview and Level Annotations

Branches:
Dungeon (4/15)
 Temple: D:4-7

Altars:
Dithmenos
Okawaru
Xom


Innate Abilities, Weirdness & Mutations

You are frail. (-10% HP)


Message History

The gnoll hits you from afar with a +0 spear.
You hit the gnoll but do no damage.
The gnoll is severely wounded.
You hit the gnoll shaman. The gnoll hits you but does no damage.
The gnoll shaman hits you with a +0 whip!
The gnoll barely misses you. The gnoll closely misses you.
The gnoll hits you but does no damage.
Unknown command.
You hit the gnoll but do no damage.
The gnoll is severely wounded.
You slash the gnoll shaman! The gnoll barely misses you.
The gnoll shaman hits you with a +0 whip.
The gnoll hits you but does no damage. The gnoll misses you.
The gnoll hits you from afar with a +0 spear.
* * * LOW HITPOINT WARNING * * *
You are too injured to fight recklessly!
Unknown command.
You are too injured to fight recklessly!
You block the gnoll's attack.
The gnoll hits you from afar with a +0 spear.
* * * LOW HITPOINT WARNING * * *
Things that are here:
a +0 whip; a gnoll corpse "How about this?"
Your buckler briefly flashes a lurid colour!
The gnoll hits you from afar with a +0 spear.
* * * LOW HITPOINT WARNING * * *
The gnoll shaman calls upon its god to speed up the gnoll.
The gnoll seems to speed up.
The gnoll hits you with a +0 club.
* * * LOW HITPOINT WARNING * * *
The gnoll shaman utters an invocation to its god.
The gnoll shaman is healed somewhat.
The gnoll hits you but does no damage. The gnoll barely misses you.
The gnoll barely misses you.
You hit the gnoll.
The gnoll is severely wounded.
The gnoll hits you from afar with a +0 spear.
You die...
Xom bursts into laughter!

........##### #≈≈###........
........#...# #≈≈≈##........
........#...# #≈≈≈≈#..≈.....
........#...###≈≈≈≈≈≈≈≈.≈≈≈.
........').....≈≈≈.≈≈≈.≈≈≈≈≈
........#...#.#.≈≈≈≈≈.≈≈≈≈≈≈
........#####.#≈.≈≈≈≈≈..≈.≈≈
.........####.##.≈.≈...≈.≈..
.......#.#.@....†........###
########...g..............#
#. ##.g...............# #..
#g###'########....# #...
#..##.# ######
#...###.##.###
#.....)g.....#
......gg...#.#.#
.............#.#


You could see a gnoll shaman and 2 gnolls.

Vanquished Creatures
  A hound (D:4)
  Ijyb (D:3)
  Terence (D:3)
  Robin (D:2)
  A gnoll (D:4)
  A dart slug (D:1)
  4 orcs (D:3)
  6 endoplasms
  2 giant cockroaches
  9 hobgoblins
  4 quokkas
  6 ball pythons
  5 bats
  4 frilled lizards
  16 goblins
  8 kobolds
  6 rats
76 creatures vanquished.

Notes
Turn   | Place    | Note
-------+----------+-------------------------------------------
     0 | D:1      | safid the Hill Orc Fighter began the quest for the Orb.
     0 | D:1      | Reached XP level 1. HP: 19/19 MP: 1/1
    21 | D:1      | You fall into a shaft and drop 1 floor!
    59 | D:1      | Reached skill level 3 in Axes
    59 | D:1      | Reached XP level 2. HP: 26/27 MP: 2/2
   218 | D:1      | Found a faded altar of an unknown god.
   226 | D:1      | Prayed at the altar of an unknown god.
   226 | D:1      | Became a worshipper of Xom of Chaos
   603 | D:1      | Reached XP level 3. HP: 22/33 MP: 3/3
   729 | D:1      | XOM: silly message
   968 | D:1      | XOM: silly message
   991 | D:1      | XOM: silly message
  1242 | D:2      | XOM: noise
  1307 | D:2      | Noticed Robin
  1425 | D:1      | XOM: give mutation
  1425 | D:1      | Gained mutation: You are frail. (-10% HP) [Xom's mischief]
  1438 | D:1      | XOM: silly message
  1447 | D:2      | Killed Robin
  1449 | D:2      | Reached XP level 4. HP: 26/36 MP: 4/4
  1651 | D:2      | Reached skill level 4 in Axes
  2017 | D:2      | XOM: silly message
  2269 | D:3      | Found a shadowy altar of Dithmenos.
  2273 | D:3      | Noticed Terence
  2279 | D:3      | Killed Terence
  2354 | D:3      | Found an iron altar of Okawaru.
  2551 | D:3      | Noticed Ijyb
  2558 | D:3      | XOM: potion effect (heal wounds)
  2562 | D:3      | Killed Ijyb
  2563 | D:3      | Reached skill level 5 in Axes
  2563 | D:3      | Reached XP level 5. HP: 41/41 MP: 5/5
  3084 | D:4      | Reached skill level 6 in Axes
  3191 | D:4      | XOM is BORED!
  3191 | D:4      | XOM: noise
  3244 | D:4      | XOM: silly message
  3245 | D:4      | HP: 2/41 [gnoll/+0 club (4)]
  3250 | D:4      | Slain by a gnoll

Illustrated notes

Levels and vault maps discovered:
D:1:      dpeg_arrival_lava_altar, layout_loops_ring, basic_ecumenical_altar,
          minmay_hexomino_u4
D:2:      layout_basic, minmay_misc_feat_diagonals, grunt_ministairs_8,
          uniq_robin
D:3:      layout_basic, mainiacjoe_overflow_large_starburst, uniq_terence,
          uniq_ijyb
D:4:      layout_basic, chequers_serial_rivers_large_a, minmay_manual_moon

Skill      XL: |  1  2  3  4  5 |
---------------+----------------+-----
Axes           | 3 5 6 |  6.2
Fighting       | 4 |  4.0
Shields        | 4 |  4.0
Armour         | 4 |  4.0

Action                   |  1- 3 |  4- 6 || total
-------------------------+-------+-------++-------
Melee: War axe           |    92 |    83 ||   175
       Unarmed           |       |     5 ||     5
Armor: Scale mail        |    43 |    54 ||    97
       Skin              |       |     2 ||     2
Dodge: Dodged            |    44 |    47 ||    91
Block: Buckler           |    29 |    25 ||    54
